 Dungeon Crawl Stone Soup version 0.30.0-29-ga12c61a403 (webtiles) character file.

Game seed: 11673536356489776500

7289 GimliDwarf the Reanimator (level 11, -1/83 HPs)
             Began as a Gnoll Wanderer on June 15, 2023.
             Was an Initiate of Yredelemnul.
             Killed from afar by a gargoyle (11 damage)
             ... with a stone arrow
             ... on level 10 of the Dungeon.
             The game lasted 00:47:26 (11443 turns).

GimliDwarf the Reanimator (Gnoll Wanderer)         Turns: 11443, Time: 00:47:26

Health: -1/83      AC:  8    Str:  9    XL:     11   Next: 12%
Magic:  21/21      EV: 14    Int: 20    God:    Yredelemnul [......]
Gold:   474        SH:  0    Dex: 10    Spells: 10/23 levels left

rFire   + . .        x - +3 trident (venom)
rCold   . . .        (no shield)
rNeg    . . .        c - +0 robe
rPois   .            h - +2 helmet
rElec   .            (no cloak)
rCorr   .            (no gloves)
SInv    .            y - +1 pair of boots
Will    .....        (no amulet)
Stlth   +++          t - ring of flight
HPRegen 0.33/turn    B - ring of protection from fire
MPRegen 0.17/turn

%: no passive effects
@: flying
A: fangs 1, strong nose, distributed training
a: Renounce Religion, Recall Undead Harvest


You were on level 10 of the Dungeon.
You worshipped Yredelemnul.
Yredelemnul was noncommittal.
You visited 2 branches of the dungeon, and saw 11 of its levels.

You collected 474 gold pieces.

Inventory:

Hand Weapons
 s - a +2 heavy hand axe
 x - a +3 trident of venom (weapon)
 E - a +3 dagger
Missiles
 u - a throwing net
Armour
 c - a +0 robe (worn)
 h - a +2 helmet (worn)
 y - a +1 pair of boots (worn)
Jewellery
 b - a ring of protection from cold
 q - a ring of poison resistance
 t - a ring of flight (left hand)
 w - a ring of ice
 B - a ring of protection from fire (right hand)
Wands
 l - a wand of iceblast (1)
 m - a wand of quicksilver (3)
 r - a wand of polymorph (4)
 C - a wand of flame (7)
Scrolls
 e - a scroll of magic mapping
 k - a scroll of teleportation
 F - a scroll of brand weapon {unknown}
Potions
 a - 3 potions of magic
 f - a potion of brilliance
 g - 4 potions of flight
 i - 5 potions of curing
 j - a potion of mutation {unknown}
 n - 2 potions of might
 o - 2 potions of berserk rage
 p - a potion of cancellation
 v - 2 potions of heal wounds
 z - 2 potions of degeneration {unknown}
 A - a potion of invisibility {unknown}
Miscellaneous
 d - a piece from Xom's chessboard (15/15)
 D - a tin of tremorstones (2/2)


   Skills:
 + Level 6.8 Fighting
 + Level 6.2 Short Blades
 + Level 6.2 Long Blades
 + Level 6.2 Axes
 + Level 6.2 Maces & Flails
 + Level 6.2 Polearms
 + Level 6.2 Staves
 + Level 6.2 Ranged Weapons
 + Level 6.2 Throwing
 + Level 6.2 Armour
 + Level 6.8 Dodging
 + Level 6.2 Stealth
 + Level 6.2 Shields
 + Level 6.2 Unarmed Combat
 + Level 6.9 Spellcasting
 + Level 5.1 Conjurations
 + Level 5.1 Hexes
 + Level 5.6 Summonings
 + Level 8.9 Necromancy
 + Level 5.1 Translocations
 + Level 5.1 Transmutations
 + Level 5.1 Fire Magic
 + Level 5.1 Ice Magic
 + Level 5.1 Air Magic
 + Level 5.1 Earth Magic
 + Level 5.1 Poison Magic
 + Level 6.8 Invocations
 + Level 7.8 Evocations


You had 10 spell levels left.
You knew the following spells:

 Your Spells              Type           Power      Damage    Failure   Level
c - Kiss of Death         Conj/Necr      100%       2d13      1%          1
d - Call Canine Familiar  Summ           29%        N/A       2%          3
e - Frozen Ramparts       Ice            54%        1d9       3%          3
f - Hailstorm             Conj/Ice       27%        3d7       3%          3
g - Mephitic Cloud        Conj/Pois/Air  27%        N/A       3%          3

Your spell library contained the following spells:

 Spells                   Type           Power      Damage    Failure   Level
 Freeze                   Ice            100%       1d10      1%          1
 Necrotise                Necr           100%       1d9       1%          1
 Summon Small Mammal      Summ           100%       N/A       1%          1
 Poisonous Vapours        Pois/Air       54%        N/A       1%          2
 Sublimation of Blood     Necr           42%        N/A       1%          2
 Portal Projectile        Hex/Tloc       54%        N/A       3%          3
 Tukima's Dance           Hex            27%        N/A       3%          3
 Ice Form                 Ice/Tmut       27%        N/A       12%         4
 Blade Hands              Tmut           13%        N/A       32%         5
 Freezing Cloud           Conj/Ice/Air   13%        6-21      32%         5
 Ozocubu's Refrigeration  Ice            13%        4d10      100%        7
 Polar Vortex             Ice            13%        N/A       100%        9
 Simulacrum               Ice/Necr       Unusable   N/A       N/A         6

Dungeon Overview and Level Annotations

Branches:
Dungeon (10/15)            Temple (1/1) D:7
   Lair: D:8-11         Orc: D:9-12

Altars:
Ashenzari
Cheibriados
Dithmenos
Elyvilon
Fedhas
Gozag
Hepliaklqana
Kikubaaqudgha
Makhleb
Nemelex Xobeh
Okawaru
Qazlal
Ru
Sif Muna
Trog
Uskayaw
Vehumet
Wu Jian
Xom
Yredelemnul
Zin
The Shining One

Shops:
D:1 *   D:6 [


Innate Abilities, Weirdness & Mutations

You have very sharp teeth.
Your uncanny sense of smell can sniff out nearby items.
Your experience applies equally to all skills.


Message History

The yak gores you! The yak completely misses you.
Reach: x) +3 trident (venom)
Press: ? - help, Dir - move target, f - yak
Aim: a yak (lightly wounded, very poisoned, about 25% to evade your +3 trident of venom)
Okay, then.
The yak gores you.
You kill the yak!
The yak attacks as you move away! The yak gores you but does no damage.
The yak attacks as you move away! The yak closely misses you.
The yak looks more healthy.
The yak attacks as you move away! The yak gores you!
The yak attacks as you move away! The yak closely misses you.
The yak attacks as you move away! The yak barely misses you.
The yak gores you but does no damage. The gnoll barely misses you.
The gnoll attacks as you move away! The gnoll barely misses you.
The yak attacks as you move away! The yak barely misses you. x2
The yak attacks as you move away! The yak barely misses you.
The yak attacks as you move away! The yak gores you!
The yak attacks as you move away! The yak gores you.
You see here a +0 ring mail.
The yak attacks as you move away! The yak gores you.
* * * LOW HITPOINT WARNING * * *
The yak attacks as you move away! The yak gores you but does no damage.
A wyvern comes into view.
The wyvern moves out of view.
The yak attacks as you move away! The yak barely misses you.
Okay, then.
As you read the scroll of teleportation, it crumbles to dust.
You feel strangely unstable. The yak closely misses you.
Your surroundings suddenly seem different.
A gargoyle comes into view. It is wielding a +0 dire flail.
Found a scroll of blinking.
The gargoyle hurls a stone arrow at you.
The stone arrow hits you!!
* * * LOW HITPOINT WARNING * * *
The gargoyle hurls a stone arrow at you.
The stone arrow hits you!
You die...
Your body rises from the dead as a mindless zombie.

## .... ##
#..... #.
#...... .#
##...........
#.##............
#.#...........#
##.@.......#..#
#.......####..#
#.###..#####..#
# ##.#.....#
#.9.9...#
#.####..# #..#
#..# #.## #...#
.# ....?#


You could see a gargoyle.

Vanquished Creatures
  Harold (D:9)
  2 two-headed ogres
  A yak (D:10)
  2 wyverns
  4 fire bats (D:9)
  A wraith (D:9)
  2 acid dragons
  A hell hound (D:9)
  3 water moccasins
  An ice beast (D:6)
  3 orc warriors (D:9)
  A sky beast (D:7)
  An ogre (D:5)
  3 black bears (D:7)
  A centaur (D:7)
  A phantom (D:5)
  A kobold brigand (D:8)
  A gnoll sergeant (D:10)
  7 bullfrogs
  2 scorpions
  8 killer bees
  A howler monkey (D:9)
  2 lava snakes (D:9)
  A jelly (D:5)
  A gnoll bouda (D:7)
  6 orc priests
  2 hounds
  A sleepcap (D:7)
  Jessica (D:2)
  7 orc wizards
  Natasha (thrice) (D:2)
  2 iguanas (D:4)
  A killer bee zombie (D:9)
  10 adders
  4 gnolls
  A white imp (D:5)
  An ufetubus (D:7)
  A dart slug (D:4)
  48 orcs
  6 endoplasms
  4 giant cockroaches
  4 goblins
  5 hobgoblins
  4 kobolds
  5 quokkas
  7 ball pythons
  6 bats
  A frilled lizard (D:1)
  3 rats (D:2)
  A fire vortex (D:9)
186 creatures vanquished.

Vanquished Creatures (collateral kills)
  Sigmund (D:2)
  An orc warrior (D:9)
  An ogre (D:4)
  A centaur (D:5)
  A phantom (D:6)
  2 bullfrogs
  An orc priest (D:8)
  A hound (D:5)
  An orc wizard (D:3)
  4 gnolls
  A white imp (D:7)
  2 kobolds (D:8)
  A rat (D:1)
18 creatures vanquished.

Vanquished Creatures (others)
  2 fire bat zombies (D:9)
  A hell hound zombie (D:9)
  A centaur zombie (D:7)
  A sky beast zombie (D:7)
  2 killer bee zombies (D:8)
  A howler monkey zombie (D:9)
  A lava snake zombie (D:9)
  A gnoll zombie (D:10)
  A kobold zombie (D:8)
  16 orc zombies
  2 fire vortices (D:9)
29 creatures vanquished.

Grand Total: 233 creatures vanquished

Notes
Turn   | Place    | Note
-------+----------+-------------------------------------------
     0 | D:1      | GimliDwarf the Gnoll Wanderer began the quest for the Orb.
     0 | D:1      | GimliDwarf set off with the following items: a +0 club, a
                  | potion of might, a +0 robe, a piece from Xom's chessboard
                  | (15/15); and the following spells available to memorise:
                  | Necrotise, Sublimation of Blood, Kiss of Death, Summon
                  | Small Mammal, Call Canine Familiar.
     0 | D:1      | Reached XP level 1. HP: 17/17 MP: 4/4
     2 | D:1      | Learned a level 1 spell: Necrotise
     4 | D:1      | Learned a level 1 spell: Summon Small Mammal
   419 | D:1      | Reached XP level 2. HP: 23/23 MP: 3/5
   444 | D:1      | Found a faded altar of an unknown god.
   701 | D:1      | Found Vugeiv's General Store.
   717 | D:1      | Reached XP level 3. HP: 28/28 MP: 1/7
   944 | D:2      | Noticed Natasha
  1026 | D:2      | Noticed Jessica
  1028 | D:2      | Reached skill level 1 in Short Blades
  1028 | D:2      | Reached skill level 1 in Long Blades
  1028 | D:2      | Reached skill level 1 in Axes
  1028 | D:2      | Reached skill level 1 in Maces & Flails
  1028 | D:2      | Reached skill level 1 in Polearms
  1028 | D:2      | Reached skill level 1 in Staves
  1028 | D:2      | Reached skill level 1 in Ranged Weapons
  1028 | D:2      | Reached skill level 1 in Throwing
  1028 | D:2      | Reached skill level 1 in Armour
  1028 | D:2      | Reached skill level 1 in Stealth
  1028 | D:2      | Reached skill level 1 in Shields
  1028 | D:2      | Reached skill level 1 in Unarmed Combat
  1028 | D:2      | Reached skill level 1 in Invocations
  1032 | D:2      | Reached XP level 4. HP: 34/34 MP: 1/8
  1046 | D:2      | Killed Jessica
  1047 | D:2      | Reached skill level 1 in Conjurations
  1047 | D:2      | Reached skill level 1 in Hexes
  1047 | D:2      | Reached skill level 1 in Translocations
  1047 | D:2      | Reached skill level 1 in Transmutations
  1047 | D:2      | Reached skill level 1 in Fire Magic
  1047 | D:2      | Reached skill level 1 in Ice Magic
  1047 | D:2      | Reached skill level 1 in Air Magic
  1047 | D:2      | Reached skill level 1 in Earth Magic
  1047 | D:2      | Reached skill level 1 in Poison Magic
  1062 | D:2      | Reached XP level 5. HP: 11/40 MP: 2/9
  1174 | D:2      | Learned a level 1 spell: Kiss of Death
  1283 | D:2      | Noticed Sigmund
  1665 | D:2      | Killed Natasha
  1751 | D:2      | Noticed Natasha
  1757 | D:2      | Killed Natasha
  1779 | D:2      | Noticed Natasha
  1784 | D:2      | Killed Natasha
  2011 | D:2      | Learned a level 3 spell: Call Canine Familiar
  2015 | D:3      | Found a shadowy altar of Dithmenos.
  2091 | D:3      | Found a sacrificial altar of Ru.
  2204 | D:3      | Found an ornate altar of the Wu Jian Council.
  2210 | D:3      | Reached XP level 6. HP: 47/47 MP: 7/11
  2285 | D:3      | Reached skill level 5 in Evocations
  3291 | D:4      | Reached XP level 7. HP: 27/52 MP: 5/12
  3591 | D:4      | Found a blossoming altar of Fedhas.
  3591 | D:4      | Found a bloodstained altar of Trog.
  3833 | D:4      | Found an opulent altar of Gozag.
  3907 | D:5      | Entered Level 5 of the Dungeon
  3933 | D:5      | Noticed a +0 short sword
  3933 | D:5      | Noticed a +0 spear
  3933 | D:5      | Noticed a +0 falchion
  3934 | D:5      | Noticed a +0 dagger
  3934 | D:5      | Noticed a +0 short sword
  3934 | D:5      | Noticed a +0 falchion
  3934 | D:5      | Noticed a +0 dagger
  3934 | D:5      | Noticed a +0 spear
  3941 | D:5      | Found a hide-covered altar of Uskayaw.
  4731 | D:5      | Learned a level 3 spell: Frozen Ramparts
  4735 | D:5      | Learned a level 3 spell: Hailstorm
  4757 | D:5      | Reached XP level 8. HP: 49/60 MP: 7/14
  6230 | D:6      | Found Seni Zue's Antique Armour Shop.
  6848 | D:2      | Killed Sigmund
  6849 | D:2      | Reached skill level 5 in Spellcasting
  6849 | D:2      | Reached XP level 9. HP: 58/67 MP: 13/16
  7002 | D:7      | Reached skill level 5 in Fighting
  7002 | D:7      | Reached skill level 5 in Dodging
  7002 | D:7      | Reached skill level 8 in Necromancy
  7202 | D:7      | Found a broken altar of Ashenzari.
  7259 | D:7      | Found a staircase to the Ecumenical Temple.
  7268 | Temple   | Entered the Ecumenical Temple
  7301 | Temple   | Became a worshipper of Yredelemnul the Dark
  7666 | D:7      | Found a glowing silver altar of Zin.
  7717 | D:7      | Reached * piety under Yredelemnul
  7988 | D:7      | Reached skill level 5 in Invocations
  8539 | D:7      | Learned a level 3 spell: Mephitic Cloud
  9075 | D:8      | Reached ** piety under Yredelemnul
  9114 | D:8      | Reached skill level 5 in Short Blades
  9114 | D:8      | Reached skill level 5 in Long Blades
  9114 | D:8      | Reached skill level 5 in Axes
  9114 | D:8      | Reached skill level 5 in Maces & Flails
  9114 | D:8      | Reached skill level 5 in Polearms
  9114 | D:8      | Reached skill level 5 in Staves
  9114 | D:8      | Reached skill level 5 in Ranged Weapons
  9114 | D:8      | Reached skill level 5 in Throwing
  9114 | D:8      | Reached skill level 5 in Armour
  9114 | D:8      | Reached skill level 5 in Stealth
  9114 | D:8      | Reached skill level 5 in Shields
  9114 | D:8      | Reached skill level 5 in Unarmed Combat
  9114 | D:8      | Reached XP level 10. HP: 59/76 MP: 11/18
  9815 | D:9      | Noticed a two-headed ogre
  9917 | D:9      | Reached skill level 5 in Summonings
 10218 | D:9      | Killed a two-headed ogre
 10386 | D:9      | Noticed Harold
 10412 | D:9      | Killed Harold
 11034 | D:10     | Entered Level 10 of the Dungeon
 11201 | D:10     | Reached skill level 5 in Conjurations
 11201 | D:10     | Reached skill level 5 in Hexes
 11201 | D:10     | Reached skill level 5 in Translocations
 11201 | D:10     | Reached skill level 5 in Transmutations
 11201 | D:10     | Reached skill level 5 in Fire Magic
 11201 | D:10     | Reached skill level 5 in Ice Magic
 11201 | D:10     | Reached skill level 5 in Air Magic
 11201 | D:10     | Reached skill level 5 in Earth Magic
 11201 | D:10     | Reached skill level 5 in Poison Magic
 11201 | D:10     | Reached XP level 11. HP: 83/83 MP: 14/21
 11308 | D:10     | Noticed a two-headed ogre
 11331 | D:10     | Killed a two-headed ogre
 11443 | D:10     | Killed from afar by a gargoyle

Illustrated notes

Levels and vault maps discovered:
D:1:      dpeg_arrival_oval, layout_rooms, serial_shops, nicolae_diamond_shop,
          serial_aquarium, aquarium_bridge_square [aquarium_subvault_bridge,
          aquarium_subvault_window, aquarium_subvault_wall,
          aquarium_subvault_bridge], aquarium_window_fake, aquarium_window_1,
          aquarium_window_fake, aquarium_view_2f, aquarium_balcony_double_4,
          shapermc_ecumenical_altar_venn, hangedman_decor_slide_cut
D:2:      layout_basic, uniq_natasha, uniq_sigmund, uniq_jessica
D:3:      layout_loops_ring, mainiacjoe_overflow_tiny_flanked,
          nicolae_ru_sacrificial_ziggurat, nicolae_wu_jian_wuxing_cycle,
          serial_forest, infiniplex_forest_zigzag_1,
          infiniplex_forest_clump_double, infiniplex_forest_clump_double,
          infiniplex_forest_lined_2
D:4:      layout_basic, overflow_temple_1_default,
          gammafunk_temple_overflow_elements
D:5:      minmay_clustersquares, layout_basic, nicolae_uskayaw_en_pointe
D:6:      layout_loops_ring, serial_shops, shop
D:7:      layout_basic, lemuel_crystal_altar, ashenzari_altar_1,
          minmay_temple_entry_grid
D:8:      layout_basic, minmay_liquid_box
D:9:      layout_gridville, special_room [special_room_orc],
          hangedman_incinerator, uniq_harold
D:10:     layout_layer_cave, kennysheep_orc_monster_closet_entryway,
          nrook_campfire
Temple:   oiseaux_autumnal_temple

Skill      XL: |  1  2  3  4  5  6  7  8  9 10 |
---------------+-------------------------------+-----
Summonings     | 2 3 4 5 |  5.6
Short Blades   | 1 2 3 4 5 6 |  6.2
Long Blades    | 1 2 3 4 5 6 |  6.2
Axes           | 1 2 3 4 5 6 |  6.2
Maces & Flails | 1 2 3 4 5 6 |  6.2
Polearms       | 1 2 3 4 5 6 |  6.2
Staves         | 1 2 3 4 5 6 |  6.2
Ranged Weapons | 1 2 3 4 5 6 |  6.2
Throwing       | 1 2 3 4 5 6 |  6.2
Armour         | 1 2 3 4 5 6 |  6.2
Stealth        | 1 2 3 4 5 6 |  6.2
Shields        | 1 2 3 4 5 6 |  6.2
Unarmed Combat | 1 2 3 4 5 6 |  6.2
Invocations    | 1 2 3 4 5 6 |  6.8
Spellcasting   | 3 4 5 6 |  6.9
Conjurations   | 1 2 3 4 5 |  5.1
Hexes          | 1 2 3 4 5 |  5.1
Translocations | 1 2 3 4 5 |  5.1
Transmutations | 1 2 3 4 5 |  5.1
Fire Magic     | 1 2 3 4 5 |  5.1
Ice Magic      | 1 2 3 4 5 |  5.1
Air Magic      | 1 2 3 4 5 |  5.1
Earth Magic    | 1 2 3 4 5 |  5.1
Poison Magic   | 1 2 3 4 5 |  5.1
Fighting       | 3 4 5 6 |  6.8
Dodging        | 3 4 5 6 |  6.8
Evocations     | 5 6 7 |  7.8
Necromancy     | 8 |  8.9

Action                     |  1- 3 |  4- 6 |  7- 9 | 10-12 || total
---------------------------+-------+-------+-------+-------++-------
  Melee: Club              |     4 |    10 |       |       ||    14
         Punch             |       |     1 |     1 |     3 ||     5
         Dagger            |       |    18 |       |       ||    18
         Bite              |       |     2 |    10 |    13 ||    25
         Whip              |       |       |    17 |       ||    17
         Trident           |       |       |   129 |   134 ||   263
   Cast: Necrotise         |    30 |    89 |   125 |       ||   244
         Summon Small Mamm |       |       |    13 |       ||    13
         Call Canine Famil |       |       |    12 |    11 ||    23
         Frozen Ramparts   |       |       |    12 |    10 ||    22
         Mephitic Cloud    |       |       |       |     4 ||     4
         Hailstorm         |       |       |       |     4 ||     4
 Invoke: Recall Undead Har |       |       |     1 |       ||     1
  Evoke: Piece from Xom's  |       |     1 |     1 |       ||     2
         Wand              |       |       |       |     5 ||     5
    Use: Potion            |       |     1 |     3 |     1 ||     5
         Scroll            |       |       |    16 |     5 ||    21
   Stab: Confused          |       |     1 |       |     1 ||     2
         Sleeping          |       |       |     1 |       ||     1
         Petrified         |       |       |     2 |       ||     2
 Armour: Robe              |     5 |    10 |    47 |    31 ||    93
  Dodge: Dodged            |    19 |    15 |   133 |    83 ||   250
